 Dungeon Crawl Stone Soup version 0.21-a0-641-geef9d7f (webtiles) character file.

62447 Gorglomux the Spear-Bearer (level 14, -2/114 HPs)
             Began as a Purple Draconian Arcane Marksman on Dec 29, 2017.
             Was the Champion of Hepliaklqana.
             Slain by an ettin
             ... wielding a +0 dire flail
              (40 damage)
             ... on level 13 of the Dungeon on Dec 30, 2017.
             The game lasted 01:55:54 (29931 turns).

Gorglomux the Spear-Bearer (DrAM)                  Turns: 29931, Time: 01:55:54

Health: -2/114     AC: 14    Str: 13    XL:     14   Next: 64%
Magic:  21/21      EV: 19    Int: 14    God:    Hepliaklqana [******]
Gold:   1139       SH:  0    Dex: 16    Spells: 12/22 levels left

rFire    . . .     SeeInvis +   b - +3 demon trident
rCold    . . .     Gourm    .   (no shield)
rNeg     . . .     Faith    .   (armour unavailable)
rPois    .         Spirit   .   O - +1 hat
rElec    .         Reflect  .   q - +2 cloak
rCorr    .         Harm     .   F - +0 pair of gloves
MR       +++..                  N - +0 pair of boots
Stlth    +.........             (no amulet)
HPRegen  0.29/turn              s - ring of see invisible
MPRegen  0.17/turn              m - ring of protection from magic

@: about to teleport
A: breathe power, unfitting armour, reduced essence, cold-blooded, AC +8
a: Breathe Dispelling Energy, Recall Ancestor, Ancestor Identity, Transference,
Idealise, Renounce Religion


You were on level 13 of the Dungeon.
You worshipped Hepliaklqana.
Hepliaklqana was exalted by your worship.
You were very hungry.

You visited 3 branches of the dungeon, and saw 20 of its levels.

You collected 1197 gold pieces.
You spent 58 gold pieces at shops.

Inventory:

Hand Weapons
 a - a +2 hand crossbow of velocity
 b - a +3 demon trident (weapon)
 C - a +0 dagger of electrocution
Missiles
 n - 59 bolts
 Z - 2 throwing nets (quivered)
Armour
 q - a +2 cloak (worn)
 F - a +0 pair of gloves (worn)
 N - a +0 pair of boots (worn)
 O - a +1 hat (worn)
Jewellery
 c - an uncursed ring of protection from cold
 g - an uncursed ring of resist corrosion
 m - a ring of protection from magic (right hand)
 s - a ring of see invisible (left hand)
Wands
 A - a wand of flame (27)
 D - a wand of digging (15)
 I - a wand of iceblast (21)
 P - a wand of paralysis (16)
 S - a wand of disintegration (5)
Scrolls
 h - 7 scrolls of amnesia
 k - 2 scrolls of fog
 t - a scroll of enchant armour
 B - a scroll of blinking
 L - 5 scrolls of fear
 T - 4 scrolls of teleportation
 V - 9 scrolls of remove curse
Potions
 j - 3 potions of agility
 l - 3 potions of haste
 p - a potion of berserk rage
 r - 3 potions of lignification
 u - 4 potions of heal wounds
 w - 2 potions of cancellation
 x - 3 potions of flight
 E - a potion of might
 G - 2 potions of degeneration
 H - 2 potions of brilliance
 J - a potion of resistance {unknown}
 K - 2 potions of mutation
 M - 2 potions of magic
 Q - 4 potions of curing
Books
 z - a book of Summonings

   Spells                             Type                      Level
   a - Recall                         Summoning/Translocation      3
   b - Aura of Abjuration             Summoning                    5
   c - Summon Demon                   Summoning                    5
   d - Summon Forest                  Summoning/Translocation      5
   e - Summon Mana Viper              Hexes/Summoning              5
   f - Shadow Creatures               Summoning                    6
Miscellaneous
 y - a fan of gales
 U - a box of beasts
 W - a sack of spiders
 X - a phial of floods (inert)
 Y - a lamp of fire (inert)
Comestibles
 d - 39 rations


   Skills:
 - Level 12.6 Fighting
 - Level 14.0 Polearms
 - Level 10.0 Crossbows
 - Level 10.0 Dodging
 - Level 4.6 Spellcasting
 - Level 7.2 Hexes
 - Level 5.8 Translocations
 + Level 4.5 Invocations
 - Level 5.0 Evocations


You had 12 spell levels left.
You knew the following spells:

 Your Spells              Type           Power        Failure   Level  Hunger
a - Corona                Hex            ###....      1%          1    None
b - Slow                  Hex            ###.....     1%          2    ##.....
c - Cause Fear            Hex            ###.......   9%          4    ####...
j - Portal Projectile     Hex/Tloc       ###...       3%          3    ###....


Dungeon Overview and Level Annotations

Branches:
Dungeon (13/15)            Temple (1/1) D:4            Lair (6/6) D:11
  Swamp (0/4) Lair:2       Spider (0/4) Lair:4        Slime (0/5) Lair:5
    Orc (0/2) D:11
 Vaults: D:13-14

Altars:
Ashenzari
Cheibriados
Dithmenos
Elyvilon
Fedhas
Gozag
Hepliaklqana
Kikubaaqudgha
Makhleb
Nemelex Xobeh
Okawaru
Qazlal
Ru
Sif Muna
Trog
Uskayaw
Vehumet
Wu Jian
Xom
Yredelemnul
Zin
The Shining One
Beogh

Shops:
D:6 [

Annotations:
Lair:1 exclusion: oklob plant


Innate Abilities, Weirdness & Mutations

You can breathe bolts of dispelling energy.
Your rich purple scales are hard. (AC +8)
You cannot fit into any form of body armour.
You are cold-blooded and may be slowed by cold attacks.
Your life essence is reduced to manifest your ancestor. (-10% HP)


Message History

A yaktaur captain comes into view!
You swap places!
Your surroundings suddenly seem different!
The yaktaur captain wields an arbalest!
The yaktaur captain shoots a bolt!
The bolt hits you!!!
Found a short butt staff!
You see here a bolt!
The sphinx shouts!!!
The ettin shouts in stereo!!!
The storm dragon roars deafeningly!!!
The yaktaur captain unwields an uncursed arbalest!
The yaktaur captain misses you!
As you read the scroll of teleportation, it crumbles to dust!
You feel strangely unstable! The yaktaur captain hits you!
The sphinx mumbles some strange words!
Something smites you!!!
Something blocks the tengu conjurer's attack! x2
The tengu conjurer claws something but does no damage!
The yaktaur captain hits you!
The ettin hits you with a dire flail!!!!!!!!! rip

#..(##...#[.[#...##
##..##...##...##...## #
#...#...............#...#
#..c#...#########...#...#
#..###..####........#...#
##..#..###|...C.Q..## .##
#...#...##}...H#Q.##...
#..###..#||.CH#####...#
#...#.".##=.@c.#.....#
##..#.(###:..D.(....#
#..###.(####......###
#...#...##################
#...#..(.#.....#.........#
##..##......#.....##.##..#
#...##....###....##.##..##
##...###### ###########..#
##.......###....##.##...#


You could see a storm dragon, 2 sphinxes, a yaktaur captain, 2 ettins and a
tengu conjurer.

Vanquished Creatures
  Rupert (D:12)
  5 hydras
  2 two-headed ogres
  Urug (Lair:4)
  Sonja (Lair:3)
  4 unseen horrors
  A deep troll (shapeshifter) (D:13)
  A lindwurm (Lair:6)
  A wolf spider zombie (D:13)
  2 ugly things
  3 cyclopes
  4 slime creatures (D:12)
  3 black mambas
  A manticore (D:12)
  The ghost of Gorglomux the Skirmisher, a novice DrAM of Kikubaaqudgha (D:5)
  5 elephants (Lair:5)
  13 spiny frogs
  2 rime drakes
  A freezing wraith (D:13)
  3 komodo dragons
  The ghost of Gorglomux the Skirmisher, an amateur DrAM (D:4)
  2 trolls
  A polar bear (Lair:5)
  2 tyrant leeches
  24 blink frogs
  8 hippogriffs
  A centaur simulacrum (D:13)
  A shadow (D:13)
  A wyvern (D:11)
  2 water elementals (D:11)
  17 yaks
  2 hogs (D:7)
  5 vampire mosquitoes
  A basilisk (D:13)
  2 swamp worms (Lair:2)
  8 water moccasins
  5 porcupines
  2 ice beasts
  4 orc warriors
  An eye of draining (D:12)
  A black bear (D:10)
  5 sky beasts
  A wolf (Lair:2)
  3 phantoms
  4 ogres
  4 centaurs
  4 crocodiles
  A big kobold (D:8)
  24 bullfrogs
  A wyvern zombie (D:8)
  8 killer bees
  5 howler monkeys
  5 electric eels
  2 centaur zombies
  5 crimson imps
  4 hounds
  A bullfrog zombie (D:11)
  A jelly (D:13)
  12 orc priests
  12 orc wizards
  4 bullfrog skeletons
  Ijyb (D:3)
  2 iguanas
  5 worker ants
  A hound zombie (D:5)
  A hound skeleton (D:4)
  13 adders
  10 gnolls
  2 river rats (D:9)
  3 shadow imps
  2 oozes
  2 adder zombies
  5 worms
  4 dart slugs
  2 leopard geckos
  60 orcs
  5 giant cockroaches
  8 goblins
  7 hobgoblins
  20 jackals
  9 kobolds
  A quokka (D:8)
  5 ball pythons
  6 bats
  3 frilled lizards
  A gnoll zombie (D:5)
  2 jackal skeletons (D:8)
  A jackal zombie (D:5)
  A quokka zombie (D:6)
  10 rats
  A plant (Lair:5)
445 creatures vanquished.

Vanquished Creatures (collateral kills)
  2 two-headed ogres
  A catoblepas (Lair:5)
  Nergalle (Lair:1)
  A cyclops (D:13)
  Maurice (D:8)
  A gargoyle (D:12)
  Joseph (D:9)
  10 spiny frogs
  3 komodo dragons
  2 polar bears (Lair:3)
  3 tyrant leeches
  2 slime creatures (D:12)
  16 blink frogs
  A hippogriff (Lair:6)
  11 yaks
  A wyvern (D:8)
  A hog (D:7)
  A human (D:7)
  A basilisk (Lair:4)
  4 vampire mosquitoes
  A swamp worm (Lair:2)
  7 water moccasins
  6 porcupines
  A black bear (D:10)
  4 orc warriors
  An ice beast (D:9)
  5 ogres
  2 wolves (Lair:2)
  2 centaurs
  7 crocodiles
  A big kobold (D:12)
  9 bullfrogs
  4 killer bees
  2 electric eels (D:11)
  8 crimson imps
  4 bullfrog zombies
  2 quasits
  A jelly (D:10)
  8 orc priests
  2 hounds
  4 orc wizards
  A bullfrog skeleton (D:8)
  2 worker ants
  3 gnolls (D:8)
  2 adders
  4 river rats (D:9)
  An ooze (D:6)
  A leopard gecko (D:10)
  20 orcs
  A gnoll zombie (D:5)
  3 kobolds
  A quokka (D:5)
  9 rats (D:9)
  A fungus (Lair:6)
194 creatures vanquished.

Vanquished Creatures (others)
  A bullfrog (D:11)
  20 knights
  11 ancestors
  11 fungi
  21 plants
64 creatures vanquished.

Grand Total: 703 creatures vanquished

Notes
Turn   | Place    | Note
-------+----------+-------------------------------------------
     0 | D:1      | Gorglomux the Draconian Arcane Marksman began the quest for the Orb.
     0 | D:1      | Reached XP level 1. HP: 16/16 MP: 2/2
   204 | D:1      | Reached XP level 2. HP: 3/24 MP: 3/3
  1066 | D:1      | Reached XP level 3. HP: 30/30 MP: 2/4
  1583 | D:2      | Reached skill level 3 in Fighting
  1583 | D:2      | Reached skill level 3 in Crossbows
  1625 | D:2      | Reached XP level 4. HP: 28/38 MP: 3/5
  1821 | D:2      | Learned a level 2 spell: Slow
  2701 | D:3      | Reached XP level 5. HP: 46/46 MP: 4/6
  2776 | D:3      | Found a glowing golden altar of the Shining One.
  2927 | D:3      | Found a white marble altar of Elyvilon.
  3423 | D:3      | Noticed Ijyb
  3439 | D:3      | Killed Ijyb
  4062 | D:4      | Reached XP level 6. HP: 38/55 MP: 7/7
  4100 | D:4      | Found a staircase to the Ecumenical Temple.
  4124 | Temple   | Entered the Ecumenical Temple
  4334 | Temple   | Became a worshipper of Hepliaklqana the Forgotten
  4484 | D:4      | Noticed Gorglomux's ghost (amateur DrAM)
  4514 | D:4      | Killed Gorglomux's ghost
  4514 | D:4      | Reached skill level 2 in Polearms
  4514 | D:4      | Your scales start taking on a rich purple colour.
  4514 | D:4      | Reached skill level 3 in Hexes
  4514 | D:4      | Reached XP level 7. HP: 17/54 MP: 8/8
  5244 | D:5      | Entered Level 5 of the Dungeon
  5273 | D:5      | Reached skill level 3 in Dodging
  5301 | D:5      | Reached skill level 6 in Fighting
  5408 | D:5      | Reached * piety under Hepliaklqana
  5420 | D:5      | Reached skill level 3 in Polearms
  5563 | D:5      | Found a shattered altar of Ashenzari.
  5818 | D:5      | Noticed Gorglomux's ghost (novice DrAM)
  6018 | D:5      | Killed Gorglomux's ghost
  6018 | D:5      | Reached skill level 4 in Polearms
  6018 | D:5      | Reached XP level 8. HP: 26/65 MP: 6/9
  6232 | D:5      | Found a basalt altar of Yredelemnul.
  6866 | D:5      | Found a blossoming altar of Fedhas.
  6883 | D:5      | Learned a level 3 spell: Portal Projectile
  7238 | D:6      | Found a stormy altar of Qazlal.
  7256 | D:6      | Reached skill level 1 in Translocations
  7621 | D:6      | Reached skill level 5 in Polearms
  7707 | D:6      | Found Hetig's Armour Emporium.
  7727 | D:6      | Bought a +0 pair of gloves for 58 gold pieces
  7787 | D:6      | Reached XP level 9. HP: 72/72 MP: 5/10
  7895 | D:6      | Reached ** piety under Hepliaklqana
  8922 | D:7      | Reached skill level 3 in Translocations
  9037 | D:7      | Reached skill level 6 in Polearms
  9122 | D:7      | Reached skill level 6 in Dodging
  9391 | D:7      | Learned a level 4 spell: Cause Fear
  9606 | D:8      | Noticed a troll
  9630 | D:8      | Reached XP level 10. HP: 76/81 MP: 12/12
  9853 | D:8      | Remembered your ancestor YoDiggitySLAM as a knight
  9892 | D:8      | Reached *** piety under Hepliaklqana
  9908 | D:8      | Found a burning altar of Makhleb.
  9920 | D:8      | Noticed a two-headed ogre
  9947 | D:8      | Killed a two-headed ogre
  9947 | D:8      | Reached skill level 9 in Fighting
  9947 | D:8      | Reached skill level 6 in Hexes
 10199 | D:8      | Noticed Maurice
 10211 | D:8      | Reached skill level 3 in Spellcasting
 10230 | D:8      | Killed Maurice
 10781 | D:9      | Reached skill level 7 in Polearms
 11372 | D:9      | Found a hide-covered altar of Uskayaw.
 11405 | D:9      | Found a radiant altar of Vehumet.
 11405 | D:9      | Found an ancient bone altar of Kikubaaqudgha.
 11602 | D:9      | Reached XP level 11. HP: 73/87 MP: 17/17
 11780 | D:9      | Noticed Joseph
 11798 | D:9      | Killed Joseph
 11966 | D:9      | Found a white marble altar of Elyvilon.
 12021 | D:10     | Entered Level 10 of the Dungeon
 12112 | D:10     | Noticed a two-headed ogre
 12122 | D:10     | Killed a two-headed ogre
 12128 | D:10     | Reached **** piety under Hepliaklqana
 12254 | D:10     | Reached skill level 1 in Evocations
 12827 | D:10     | Reached skill level 3 in Evocations
 13385 | D:11     | Found a staircase to the Lair.
 13450 | D:11     | Found a roughly hewn altar of Beogh.
 13450 | D:11     | Found a staircase to the Orcish Mines.
 14034 | D:11     | Identified the +2 plate armour "Teipy" {rF+ Int+4 Slay+2} (You found it on level 11 of the Dungeon)
 15564 | D:12     | Noticed a brown ugly thing
 15597 | Lair:1   | Entered Level 1 of the Lair of Beasts
 15633 | Lair:1   | Reached skill level 8 in Polearms
 15659 | Lair:1   | Noticed Nergalle
 16059 | Lair:1   | Noticed a five-headed hydra
 16069 | Lair:1   | Killed a five-headed hydra
 16122 | Lair:1   | Noticed an oklob plant
 16352 | Lair:1   | Killed Nergalle
 16381 | Lair:1   | Reached XP level 12. HP: 83/97 MP: 15/19
 16865 | Lair:1   | Reached skill level 6 in Crossbows
 16992 | Lair:2   | Noticed a four-headed hydra
 17007 | Lair:2   | Killed a four-headed hydra
 17163 | Lair:2   | Reached ***** piety under Hepliaklqana
 17738 | Lair:2   | Reached skill level 9 in Polearms
 18495 | Lair:2   | Found a staircase to the Swamp.
 18870 | Lair:3   | Noticed Sonja
 18879 | Lair:3   | Reached skill level 9 in Dodging
 18888 | Lair:3   | Killed Sonja
 19733 | Lair:3   | Reached skill level 10 in Polearms
 20066 | Lair:3   | Noticed a six-headed hydra
 20081 | Lair:3   | Killed a six-headed hydra
 20081 | Lair:3   | Reached XP level 13. HP: 14/105 MP: 10/20
 20821 | Lair:4   | Found an opulent altar of Gozag.
 20929 | Lair:4   | Reached skill level 12 in Fighting
 21122 | Lair:4   | Reached ****** piety under Hepliaklqana
 21125 | Lair:4   | Noticed Urug
 21150 | Lair:4   | Killed Urug
 21512 | Lair:4   | Found a hole to the Spider Nest.
 22743 | Lair:5   | Found a staircase to the Slime Pits.
 23302 | Lair:6   | Entered Level 6 of the Lair of Beasts
 23811 | Lair:6   | Reached skill level 11 in Polearms
 24157 | Lair:5   | Reached skill level 9 in Crossbows
 25194 | Lair:6   | Upgraded the game from 0.21-a0-634-gaf8bc5d to 0.21-a0-641-geef9d7f
 26070 | Lair:5   | Reached XP level 14. HP: 89/114 MP: 10/21
 26385 | Lair:6   | Reached skill level 12 in Polearms
 27020 | Lair:6   | Got a scintillating golden ring
 27711 | Lair:6   | Identified the ring "Byav" {*Tele rPois rN+ Str+4} (You found it on level 6 of the Lair of Beasts)
 28385 | D:12     | Found an opulent altar of Gozag.
 28432 | D:12     | Reached skill level 13 in Polearms
 28565 | D:12     | Noticed Rupert
 28576 | D:12     | Killed Rupert
 28786 | D:12     | Reached skill level 1 in Invocations
 29361 | D:13     | Reached skill level 3 in Invocations
 29524 | D:13     | Reached skill level 14 in Polearms
 29860 | D:13     | Noticed a storm dragon
 29924 | D:13     | Noticed a sphinx
 29924 | D:13     | Noticed a sphinx
 29925 | D:13     | Noticed a storm dragon
 29931 | D:13     | Slain by an ettin

Vault maps used:
D:1:      onia_arrival_handbag
D:3:      old_standard_altar, nicolae_overflow_crystal_walls, first_ration,
          kennysheep_potato, uniq_ijyb
D:4:      minmay_temple_entry_junction, minmay_misc_feat_alley,
          nrook_mini_vaults
D:5:      lemuel_zombie_altar_yredelemnul, cheibrodos_ashenzari_chains,
          fedhas_altar_fruit_tree
D:6:      overflow_temple_1_default, serial_shops, kennysheep_little_box
D:7:      hangedman_decor_opposing, grunt_livestock
D:8:      serial_bayou_pond_d, makhleb_heckhound_becter, uniq_maurice
D:9:      grunt_temple_overflow_open, basic_altar, amethyst_killhole,
          minivault_26, dk_rats_in_the_wall, uniq_joseph
D:11:     lair_entry_dummy, david_orc_5, nrook_pool_corridor,
          wad_rectangle_vault
D:12:     nicolae_gozag_seed_capital, uniq_rupert
D:13:     minmay_tile_spiral
Temple:   nicolae_temple_figure_eight
Lair:1:   minmay_lair_oklob_bushes, minivault_11, st_stairs_9,
          beast_lair_carwin_7, uniq_nergalle
Lair:2:   nicolae_swamp_entry_splash_gauntlet, nicolae_volcano_entry_hallway,
          minivault_23
Lair:3:   cheibrodos_lair_river_kwai, grunt_megastairs_5, uniq_sonja
Lair:4:   dummy_spider_entry, basic_altar, grunt_megastairs_2, uniq_urug
Lair:5:   dpeg_slime_entry_corner
Lair:6:   minmay_lair_end_frog_pond

Skill      XL: |  1  2  3  4  5  6  7  8  9 10 11 12 13 14 |
---------------+-------------------------------------------+-----
Crossbows      | 2 3 4 5 7 9 10 | 10.0
Fighting       | 2 3 4 5 7 8 9 10 11 12 | 12.6
Polearms       | 2 4 5 6 7 8 10 11 14 | 14.0
Dodging        | 2 4 5 6 7 8 9 10 | 10.0
Hexes          | 3 4 5 7 |  7.2
Translocations | 2 4 5 |  5.8
Spellcasting   | 4 |  4.6
Evocations     | 5 |  5.0
Invocations    | 4 |  4.5

Action                   |  1- 3 |  4- 6 |  7- 9 | 10-12 | 13-15 || total
-------------------------+-------+-------+-------+-------+-------++-------
Melee: Unarmed           |   108 |       |       |       |       ||   108
       Tailslap          |    14 |    42 |    61 |   104 |    96 ||   317
       Spear             |    81 |   295 |   419 |   439 |       ||  1234
       Dagger            |       |       |       |    13 |       ||    13
       Trident           |       |       |       |   399 |       ||   399
       Demon trident     |       |       |       |     5 |   585 ||   590
 Fire: Hand crossbow     |    39 |    53 |   160 |   367 |   256 ||   875
Throw: Throwing net      |       |       |     1 |     5 |     1 ||     7
 Cast: Corona            |    13 |    18 |     1 |       |       ||    32
       Slow              |       |     4 |     3 |     2 |       ||     9
       Portal Projectile |       |       |    12 |    41 |    34 ||    87
       Cause Fear        |       |       |       |    38 |     8 ||    46
Invok: Recall Ancestor   |       |       |    16 |    14 |    10 ||    40
       Ancestor Identity |       |       |     1 |       |       ||     1
       Ancestor Life: Kn |       |       |       |     1 |       ||     1
       Transference      |       |       |       |     1 |       ||     1
       Idealise          |       |       |       |       |     1 ||     1
 Abil: Breathe Dispellin |       |       |    20 |    17 |     6 ||    43
Evoke: Wand              |       |       |     3 |    20 |     7 ||    30
       Phial of floods   |       |       |       |       |     2 ||     2
       Lamp of fire      |       |       |       |       |     1 ||     1
  Use: Scroll            |       |     7 |     3 |    15 |    10 ||    35
       Potion            |       |       |     1 |       |       ||     1
 Stab: Sleeping          |       |     3 |     1 |     1 |       ||     5
       Distracted        |       |       |     1 |     5 |     3 ||     9
       Held in net/web   |       |       |     1 |     1 |       ||     2
       Paralysed         |       |       |       |    21 |     3 ||    24
       Fleeing           |       |       |       |       |     1 ||     1
  Eat: Chunk             |     3 |    11 |    16 |    41 |    26 ||    97
       Ration            |       |       |     2 |     2 |     3 ||     7
Armor: Skin              |    91 |    86 |    99 |   222 |   133 ||   631
Dodge: Dodged            |   148 |   173 |   245 |   662 |   470 ||  1698

Table legend:
 A = Spawn XP
 B = Non-spawn XP
 C = Spawn XP percentage of total XP
 D = Spawn monster count
 E = Non-spawn monster count
 F = Spawn count percentage of total count
 G = Total turns spent on level
                    A         B        C        D         E        F      G
               +---------+---------+-------+---------+---------+-------+---------
         Total |       0 |   89210 |   0.0 |       0 |     638 |   0.0 | 29931
               +---------+---------+-------+---------+---------+-------+---------
           D:1 |       0 |      61 |   0.0 |       0 |      33 |   0.0 |  1506
           D:2 |       0 |     125 |   0.0 |       0 |      21 |   0.0 |  1047
           D:3 |       0 |     158 |   0.0 |       0 |      27 |   0.0 |  1346
           D:4 |       0 |     572 |   0.0 |       0 |      16 |   0.0 |  1106
           D:5 |       0 |    1174 |   0.0 |       0 |      35 |   0.0 |  1812
           D:6 |       0 |     818 |   0.0 |       0 |      33 |   0.0 |  1016
           D:7 |       0 |    2123 |   0.0 |       0 |      21 |   0.0 |  1312
           D:8 |       0 |    3209 |   0.0 |       0 |      44 |   0.0 |  1241
           D:9 |       0 |    3328 |   0.0 |       0 |      59 |   0.0 |  1396
          D:10 |       0 |    3028 |   0.0 |       0 |      32 |   0.0 |  1666
          D:11 |       0 |    3795 |   0.0 |       0 |      54 |   0.0 |  1996
          D:12 |       0 |   10910 |   0.0 |       0 |      38 |   0.0 |  1252
          D:13 |       0 |    6828 |   0.0 |       0 |      23 |   0.0 |   728
        Lair:1 |       0 |    6036 |   0.0 |       0 |      24 |   0.0 |  1993
        Lair:2 |       0 |    6521 |   0.0 |       0 |      31 |   0.0 |  1284
        Lair:3 |       0 |    8769 |   0.0 |       0 |      32 |   0.0 |  1855
        Lair:4 |       0 |    4866 |   0.0 |       0 |      20 |   0.0 |  1265
        Lair:5 |       0 |   14707 |   0.0 |       0 |      50 |   0.0 |  4492
        Lair:6 |       0 |   12182 |   0.0 |       0 |      45 |   0.0 |  1379
               +---------+---------+-------+---------+---------+-------+---------
